 Dungeon Sprint DCSS version 0.18.1-48-g4cf74bf (webtiles) character file.

24287 Groucho the Spry (level 12, -2/70 HPs)
             Began as a Spriggan Enchanter on June 26, 2016.
             Was the Champion of Dithmenos.
             Slain by a naga warrior
             ... wielding a +0 mace
              (5 damage)
             ... in the Dungeon (Sprint VII: "The Pits").
             The game lasted 00:19:49 (5966 turns).

Groucho the Spry (Spriggan Enchanter)               Turns: 5966, Time: 00:19:49

Health: -2/70      AC:  4    Str:  8    XL:     12   Next: 79%
Magic:  23/32      EV: 34    Int: 20    God:    Dithmenos [******]
Gold:   18         SH:  0    Dex: 17    Spells: 5 memorised, 30 levels left

rFire  . . .     SeeInvis +     w - +2 rapier (drain)
rCold  . . .     Gourm    .     b - +1 robe
rNeg   . . .     Faith    .     (shield restricted)
rPois  .         Spirit   .     (helmet restricted)
rElec  .         Dismiss  .     x - +0 cloak
rCorr  .         Reflect  .     (gloves unavailable)
SustAt .         Harm     .     (boots unavailable)
MR     ++...     NoTele   +     (no amulet)
Stlth  ++++++++++               k - +3 ring of intelligence
                                a - +3 ring of evasion

@: wreathed by umbra, constricted, very quick, very resistant to hostile
enchantments, uncannily stealthy
A: unfitting armour, see invisible, herbivore 3, speed 3, slow metabolism 2
a: Shadow Step, Shadow Form, Renounce Religion


You were in the Dungeon.
You worshipped Dithmenos.
Dithmenos was exalted by your worship.
You were not hungry.

You visited 1 branch You collected 18 gold pieces.

Inventory:

Hand Weapons
 r - a +1 dagger of venom
 s - a +2 dagger
 w - a +2 rapier of draining (weapon)
Missiles
 q - 42 stones (quivered)
Armour
 b - a +1 robe (worn)
 x - a +0 cloak (worn)
Jewellery
 a - a +3 ring of evasion (left hand)
 k - a +3 ring of intelligence (right hand)
 y - an uncursed ring of ice
 F - an uncursed ring of ice
 G - a +5 ring of strength
Scrolls
 j - 3 scrolls of blinking
 n - 3 scrolls of remove curse
 o - 5 scrolls of amnesia
 p - a scroll of summoning
 z - 6 scrolls of enchant armour
 A - a scroll of identify
 B - a scroll of fog
 C - 4 scrolls of enchant weapon
Potions
 e - 8 potions of curing
 f - 10 potions of heal wounds
 g - 4 potions of haste
 h - 4 potions of magic
 i - 4 potions of berserk rage
 m - a potion of invisibility
 t - 3 potions of cure mutation
 u - a potion of resistance
 v - 3 potions of agility
 D - 2 potions of brilliance
Books
 c - a book of Maledictions

   Spells                             Type                      Level
   a - Corona                         Hexes                        1
   b - Ensorcelled Hibernation        Hexes/Ice                    2
   c - Confuse                        Hexes                        3
   d - Tukima's Dance                 Hexes                        3
   e - Dazzling Spray                 Conjuration/Hexes            3
Comestibles
 d - 7 bread rations
 l - 40 fruits


   Skills:
 + Level 11.5 Fighting
 + Level 15.9 Short Blades
 * Level 7.9 Throwing
 + Level 18.9 Dodging
 - Level 16.6 Stealth
 + Level 15.9 Spellcasting
 + Level 15.9 Hexes
 - Level 1.0 Invocations


You had 30 spell levels left.
You knew the following spells:

 Your Spells              Type           Power        Failure   Level  Hunger
a - Corona                Hex            ######.      0%          1    None
b - Ensorcelled Hibernat  Hex/Ice        #####.       1%          2    None
c - Confuse               Hex            ######..     1%          3    None
d - Dazzling Spray        Conj/Hex       #####.       1%          3    None
e - Tukima's Dance        Hex            ######..     1%          3    None


Dungeon Overview and Level Annotations

Branches:
Dungeon (1/1)

Altars:
Ashenzari
Cheibriados
Dithmenos
Elyvilon
Fedhas
Kikubaaqudgha
Makhleb
Nemelex Xobeh
Okawaru
Pakellas
Ru
Sif Muna
Trog
Vehumet
Xom
Yredelemnul
Zin
The Shining One
Beogh
Jiyva
Lugonu


Innate Abilities, Weirdness & Mutations

You are tiny and cannot use many weapons and most armour.
You have supernaturally acute eyesight.
You are a herbivore.
You cover ground extremely quickly.
You need consume almost no food.


Message History

The naga warrior completely misses you. The naga warrior constricts you.
Casting: Ensorcelled Hibernation
Confirm with . or Enter, or press ? or * to list all spells.
Aiming: Ensorcelled Hibernation
Press: ? - help, Shift-Dir - straight line, f/p - naga warrior
Aim: a naga warrior, wielding a mace and wearing a robe (lightly wounded, constricting you, umbra, chance to defeat MR: 21%)
The naga warrior resists with almost no effort.
Your shadow mimicks your spell!
The naga warrior resists with almost no effort.
The naga warrior hits you with a mace!!
* * * LOW HITPOINT WARNING * * *
x2 The naga warrior constricts you.
Casting: Ensorcelled Hibernation
Confirm with . or Enter, or press ? or * to list all spells.
Okay, then.
Drink which item? (? for menu, Esc to quit)
You feel much better. The naga warrior hits you with a mace!!
* * * LOW HITPOINT WARNING * * *
You emit a cloud of dark smoke.
You die...

#++#############################
#..........)..§§§...............
#...()(..((...§@Ne........).....
#))##############§'#############
#).# #........# #..# #..§e.(..#
#..# ####§§#### #..# #§§§§§§..#
#..# .h..(§§§§§§...... #..#
N...#....(((.#... ##..# +##
####..#### ##


You could see a naga warrior and a deep elf knight.

Vanquished Creatures
  2 orc warlords (D)
  2 deep elf knights (D)
  A sun demon (D)
  A salamander mystic (D)
  A deep troll (D)
  A flayed ghost (D)
  A phantasmal warrior (D)
  9 orc knights (D)
  A wolf spider (D)
  A griffon (D)
  4 deep elf magi (D)
  7 elephants (D)
  A salamander (D)
  A naga mage (D)
  2 black mambas (D)
  A spiny frog (D)
  A smoke demon (D)
  A gargoyle (D)
  A rime drake (D)
  An efreet (D)
  A guardian mummy (D)
  An ice devil (D)
  A hellwing (D)
  2 wandering mushrooms (D)
  A troll (D)
  A giant leech (D)
  2 boulder beetles (D)
  9 blink frogs (D)
  A tarantella (D)
  5 redbacks (D)
  A small abomination (D)
  6 yaks (D)
  A chaos spawn (D)
  2 wargs (D)
  A mottled dragon (D)
  A porcupine (D)
  A swamp drake (D)
  A necrophage (D)
  A wasp (D)
  A centaur (D)
  2 scorpions (D)
  5 killer bees (D)
  4 wights (D)
  2 crimson imps (D)
  A quasit (D)
  3 orc priests (D)
  2 worker ants (D)
  An orc wizard (D)
  A gnoll (D)
  An adder (D)
  2 ufetubi (D)
  An adder zombie (D)
  An adder skeleton (D)
  5 orcs (D)
  A bat (D)
  2 giant cockroaches (D)
  A hobgoblin (D)
  A ball python skeleton (D)
  A ball python zombie (D)
  A giant gecko skeleton (D)
  A giant gecko zombie (D)
  3 giant newts (D)
  A jackal skeleton (D)
123 creatures vanquished.

Notes
Turn   | Place    | Note
--------------------------------------------------------------
     0 | D        | Groucho the Spriggan Enchanter began the quest for the Orb.
     0 | D        | Reached XP level 1. HP: 9/9 MP: 5/5
    50 | D        | Found a sacrificial altar of Ru.
    50 | D        | Found a basalt altar of Yredelemnul.
    50 | D        | Found a shadowy altar of Dithmenos.
    50 | D        | Found a deep blue altar of Sif Muna.
    50 | D        | Found a burning altar of Makhleb.
    50 | D        | Found a shimmering altar of Xom.
    50 | D        | Found an ancient bone altar of Kikubaaqudgha.
    50 | D        | Found a sparkling altar of Nemelex Xobeh.
    51 | D        | Found a glowing golden altar of the Shining One.
    51 | D        | Found a bloodstained altar of Trog.
    51 | D        | Found a shattered altar of Ashenzari.
    51 | D        | Found a white marble altar of Elyvilon.
    51 | D        | Found a snail-covered altar of Cheibriados.
    51 | D        | Found a blossoming altar of Fedhas.
    51 | D        | Found a radiant altar of Vehumet.
    51 | D        | Found a glowing silver altar of Zin.
    51 | D        | Found a corrupted altar of Lugonu.
    51 | D        | Found a viscous altar of Jiyva.
    51 | D        | Found a roughly hewn altar of Beogh.
    51 | D        | Found an iron altar of Okawaru.
    52 | D        | Found an oddly glowing altar of Pakellas.
    60 | D        | Became a worshipper of Dithmenos the Shadowed
    80 | D        | Reached skill level 4 in Dodging
    80 | D        | Reached skill level 5 in Stealth
    83 | D        | Noticed a worker ant
    85 | D        | Reached XP level 2. HP: 13/13 MP: 5/7
   361 | D        | Learned a level 2 spell: Ensorcelled Hibernation
   367 | D        | Reached * piety under Dithmenos
   367 | D        | Reached skill level 6 in Dodging
   367 | D        | Reached XP level 3. HP: 16/16 MP: 5/9
   370 | D        | Noticed a scorpion
   375 | D        | Reached ** piety under Dithmenos
   375 | D        | Reached skill level 5 in Hexes
   376 | D        | Killed a scorpion
   376 | D        | Reached skill level 8 in Dodging
   376 | D        | Reached skill level 5 in Spellcasting
   376 | D        | Reached XP level 4. HP: 21/21 MP: 6/12
   448 | D        | Learned a level 3 spell: Confuse
   452 | D        | Reached *** piety under Dithmenos
   455 | D        | Reached skill level 9 in Dodging
   455 | D        | Reached XP level 5. HP: 24/24 MP: 3/14
   503 | D        | Reached skill level 10 in Dodging
   704 | D        | Reached **** piety under Dithmenos
   709 | D        | Reached skill level 11 in Dodging
   712 | D        | Reached XP level 6. HP: 28/28 MP: 14/17
   725 | D        | Noticed a small abomination
   727 | D        | Killed a small abomination
   727 | D        | Reached ***** piety under Dithmenos
   727 | D        | Reached skill level 12 in Dodging
   727 | D        | Reached skill level 10 in Stealth
   729 | D        | Noticed a porcupine
   729 | D        | Noticed a warg
   731 | D        | Reached XP level 7. HP: 32/32 MP: 18/20
   739 | D        | Reached skill level 5 in Short Blades
   901 | D        | Learned a level 3 spell: Dazzling Spray
   905 | D        | Learned a level 3 spell: Tukima's Dance
   908 | D        | Noticed a black mamba
   909 | D        | Noticed a smoke demon
   912 | D        | Killed a black mamba
   912 | D        | Reached skill level 10 in Spellcasting
   912 | D        | Reached skill level 10 in Hexes
   912 | D        | Reached XP level 8. HP: 36/36 MP: 13/23
   915 | D        | Killed a smoke demon
  1014 | D        | Noticed a deep troll
  1014 | D        | Noticed a wandering mushroom
  1016 | D        | Killed a deep troll
  1016 | D        | Reached skill level 13 in Dodging
  1020 | D        | Killed a wandering mushroom
  1020 | D        | Reached XP level 9. HP: 43/43 MP: 19/25
  1065 | D        | Reached skill level 10 in Short Blades
  1072 | D        | Reached ****** piety under Dithmenos
  1082 | D        | Noticed a spiny frog
  1086 | D        | Reached skill level 14 in Dodging
  1091 | D        | Killed a spiny frog
  1096 | D        | Noticed a phantasmal warrior
  1096 | D        | Noticed a griffon
  1099 | D        | Killed a phantasmal warrior
  1099 | D        | Reached skill level 15 in Stealth
  1099 | D        | Reached XP level 10. HP: 51/51 MP: 25/27
  1102 | D        | Killed a griffon
  1102 | D        | Reached skill level 15 in Dodging
  1106 | D        | Noticed a flayed ghost
  1121 | D        | Killed a flayed ghost
  1121 | D        | Reached skill level 5 in Fighting
  1397 | D        | Noticed a wolf spider
  1397 | D        | Noticed a deep elf mage
  1398 | D        | Noticed an elephant
  1399 | D        | Killed a deep elf mage
  1467 | D        | Killed an elephant
  1467 | D        | Reached skill level 16 in Dodging
  1471 | D        | Killed a wolf spider
  1471 | D        | Reached XP level 11. HP: 56/56 MP: 25/29
  1492 | D        | Noticed a deep elf mage
  1563 | D        | Killed a deep elf mage
  1697 | D        | Noticed a deep elf mage
  1697 | D        | Noticed a deep elf mage
  1841 | D        | Killed a deep elf mage
  1872 | D        | Killed a deep elf mage
  1928 | D        | Reached skill level 17 in Dodging
  2107 | D        | Noticed a deep elf knight
  2815 | D        | Killed a deep elf knight
  3035 | D        | Noticed a salamander mystic
  3038 | D        | Killed a salamander mystic
  3203 | D        | Reached skill level 15 in Short Blades
  3219 | D        | Reached skill level 1 in Throwing
  3452 | D        | Reached skill level 15 in Spellcasting
  3452 | D        | Reached XP level 12. HP: 67/67 MP: 26/32
  3731 | D        | Reached skill level 10 in Fighting
  3731 | D        | Reached skill level 18 in Dodging
  3731 | D        | Reached skill level 15 in Hexes
  4055 | D        | Noticed an orc warlord
  4055 | D        | Noticed an orc warlord
  4855 | D        | Killed an orc warlord
  4855 | D        | Reached skill level 5 in Throwing
  5540 | D        | Killed an orc warlord
  5884 | D        | Reached skill level 1 in Invocations
  5957 | D        | Noticed a naga warrior
  5966 | D        | HP: 3/70 [naga warrior/mace (24)]
  5966 | D        | Slain by a naga warrior

Skill      XL: |  1  2  3  4  5  6  7  8  9 10 11 12 |
---------------+-------------------------------------+-----
Dodging        | 4 6 8 9 11 12 13 14 16 17 18 | 18.9
Stealth        | 5 6 7 8 9 11 12 13 15 16 | 16.6
Spellcasting   | 3 4 5 6 7 8 10 11 12 13 15 | 15.9
Hexes          | 4 5 6 7 8 10 11 12 13 14 15 | 15.9
Short Blades   | 3 7 9 11 13 15 | 15.9
Fighting       | 2 4 6 9 11 | 11.5
Throwing       | 2 7 |  7.9
Invocations    | 1 |  1.0

Action                   |  1- 3 |  4- 6 |  7- 9 | 10-12 || total
-------------------------+-------+-------+-------+-------++-------
Melee: Dagger            |    26 |    41 |     6 |       ||    73
       Rapier            |       |       |    17 |   106 ||   123
Throw: Stone             |       |       |       |    16 ||    16
 Cast: Ensorcelled Hiber |     1 |     1 |     7 |    89 ||    98
       Confuse           |       |     6 |     1 |     5 ||    12
       Dazzling Spray    |       |       |       |    40 ||    40
Invok: Shadow Step       |       |       |     2 |    14 ||    16
  Use: Potion            |     2 |       |     1 |     1 ||     4
 Stab: Sleeping          |     6 |     7 |    22 |    53 ||    88
       Confused          |       |     3 |     1 |     2 ||     6
       Invisible         |       |       |       |    16 ||    16
       Distracted        |       |       |       |     1 ||     1
  Eat: Pizza             |       |       |       |     1 ||     1
       Bread ration      |       |       |       |     1 ||     1
Armor: Robe              |     2 |       |       |     4 ||     6
Dodge: Dodged            |    33 |    31 |    10 |   117 ||   191
